AoeStats
← Swarm

Fortress

508613333Analyzed
2v2 RM · 9d ago on Sep 23, 2026· 33m 48s· 4 players
Game mode
Random Map
Map size
Normal (6 player)
Population
200
Speed
Normal
Resources
Standard
Victory
Conquest
Starting age
Dark Age
Ending age
Imperial Age
RankedLock teamsTeams togetherTeam positionsShared explorationLock speedFull tech treeHidden civsTurbo modeCheats
Victory
Defeat
🇯🇵 Franks · Japan
1244
+16
🇦🇷 Poles · Argentina
1194
+18
🇬🇧 Hindustanis · United Kingdom
1291
-19
🇩🇪 Bohemians · Germany
1183
-15
yamaguchi
3:44 Loom
7:14 Feudal Age
12:03 Castle Age
10:17 Double-Bit Axe
13:02 Bow Saw
17:07 Wheelbarrow
19:14 Gold Mining
24:22 Imperial Age
22:09 Scale Barding Armor
23:22 Chain Barding Armor
23:12 Forging
22:31 Pikeman
22:58 Gambesons
23:14 Squires
23:00 Arson
23:43 Husbandry
24:36 Scale Mail Armor
24:27 Cavalier
25:38 Hand Cart
26:18 Chain Mail Armor
27:23 Iron Casting
27:46 Plate Barding Armor
27:24 Town Watch
28:13 Plate Mail Armor
28:02 Halberdier
29:07 Conscription
30:23 Blast Furnace
32:22 Fletching
32:32 Padded Archer Armor
Taiwan No.1
8:15 Feudal Age
7:28 Loom
9:29 Double-Bit Axe
10:04 Horse Collar
12:27 Castle Age
12:08 Scale Barding Armor
12:34 Forging
12:50 Bloodlines
14:20 Husbandry
14:50 Heavy Plow
15:48 Szlachta Privileges
16:49 Bow Saw
18:20 Wheelbarrow
19:51 Gold Mining
23:13 Chain Barding Armor
26:18 Iron Casting
31:22 Imperial Age
28:32 Light Cavalry
31:58 Hand Cart
31:35 Winged Hussar
33:21 Lechitic Legacy
33:24 Winged Hussar
Cicdolfin
7:42 Feudal Age
11:16 Castle Age
9:19 Double-Bit Axe
9:31 Horse Collar
12:17 Bow Saw
12:54 Heavy Plow
16:44 Gold Mining
18:44 Wheelbarrow
18:10 Stone Mining
19:45 Gold Shaft Mining
24:13 Imperial Age
21:30 Loom
21:56 Scale Barding Armor
22:53 Bloodlines
22:44 Husbandry
23:23 Forging
24:27 Heavy Camel Rider
26:05 Chain Barding Armor
26:37 Hand Cart
27:41 Imperial Camel Rider
29:34 Iron Casting
30:47 Plate Barding Armor
32:57 Blast Furnace
33:11 Chemistry
34:01 Shatagni
Swarm
6:46 Feudal Age
10:24 Castle Age
8:21 Horse Collar
8:51 Double-Bit Axe
13:54 Bow Saw
18:01 Heavy Plow
18:55 Wheelbarrow
22:15 Hand Cart
21:48 Loom
24:28 Fletching
30:09 Imperial Age
29:44 Chemistry
28:27 Pikeman
29:09 Scale Mail Armor
29:21 Forging
30:38 Chain Mail Armor
30:37 Halberdier
31:18 Squires
33:06 Masonry
34:22 Iron Casting
34:18 Plate Mail Armor
Connection lost

Rejoining the realm…

Still unreachable

The connection could not be restored.

Session expired

The server has moved on; the page needs a fresh start.